[Event "Late-Titled-Tuesday-Blitz-November-28-2023"]
[Site "Chess.com"]
[Date "2023.11.28"]
[Round "3"]
[White "Actuary44"]
[Black "TheMagician"]
[Result "1-0"]
[WhiteElo "2463"]
[BlackElo "2300"]
[TimeControl "180+1"]
[EndTime "14:27:01 PST"]
[Termination "Actuary44 won by checkmate"]

1. e4 e6 2. d4 d5 3. Nc3 Bb4 4. e5 c5 5. dxc5 Ne7 6. f4 Nbc6 7.
Nf3 Nf5 8. Bd3 Nh4 9. O-O Bxc5+ 10. Kh1 a6 11. Ng5 h5 12. Bd2 g6 13. Be1 Nf5 14. Bxf5 gxf5 15. Bh4 Ne7 16. Ne2 Qb6 17. Be1 h4 18. b4 Be3 19. Rf3 Qa7 20. Rh3 Ng6 21.
Bd2 Bxd2 22. Qxd2 Bd7 23. Rc3 Ke7 24. Nd4 Rac8 25. Rxc8 Rxc8 26. Nxf5+ exf5 27. Qxd5 Qb6 28. Qxf7+ Kd8 29. Rd1 Qc6 30. Ne6+ Qxe6 31. Qxe6 Nf8 32. Qxf5 Ke8 33. Qh5+ Ke7 34. Qxh4+ Ke8 35. Qh5+ Ke7 36.
f5 Rxc2 37. e6 Bc6 38. Qg5+ Ke8 39. Rd8# 1-0

[Event "Late-Titled-Tuesday-Blitz-November-28-2023"]
[Site "Chess.com"]
[Date "2023.11.28"]
[Round "3"]
[White "SalihEke"]
[Black "CSB7"]
[Result "0-1"]
[WhiteElo "2460"]
[BlackElo "2703"]
[TimeControl "180+1"]
[EndTime "14:27:02 PST"]
[Termination "CSB7 won on time"]

1. d4 Nf6 2. Nf3 g6 3. Bf4 Bg7 4. h3 c5 5. e3 O-O 6. Nbd2 d6 7. Bd3 Be6 8. O-O Qb6 9. dxc5 dxc5 10. Nc4 Qd8 11.
Qe2 b5 12. Rad1 Qc8 13. Na3 c4 14. Nxb5 cxd3 15. cxd3 Na6 16. Nfd4 Bd7 17. Rc1 Qb7 18. Nc7 Rac8 19. Nxa6 Qxa6 20. a3 Nd5 21. Bg3 e5 22. Nf3 e4 23. Ne1 Bb5 24. Rxc8 Rxc8 25. Qg4 exd3 26.
Nf3 Bxb2 27. Rd1 Nc3 28. Rd2 Ne2+ 29. Kh2 Bc3 0-1

[Event "Late-Titled-Tuesday-Blitz-November-28-2023"]
[Site "Chess.com"]
[Date "2023.11.28"]
[Round "3"]
[White "Bryanl106"]
[Black "Sl4werThanYou"]
[Result "0-1"]
[WhiteElo "2430"]
[BlackElo "2673"]
[TimeControl "180+1"]
[EndTime "14:27:02 PST"]
[Termination "Sl4werThanYou won on time"]

1. e4 c5 2. Nf3 e6 3. d4 cxd4 4. Nxd4 Nc6 5. Nc3 Qc7 6. Be3 a6 7. Qf3 Ne5 8. Qg3 h5 9. h4 Bd6 10. f4 Ng4 11. e5 Bc5 12. Bg1 Ne7 13. O-O-O b5 14. Ne4 Bxd4 15. Bxd4 Nf5 16. Qa3 Bb7 17.
Nc5 Bd5 18. Rh3 Qc6 19. Rc3 O-O 20. Bd3 Nxd4 21. Ne4 Qb6 22. Qb4 a5 23. Qc5 Qxc5 24. Rxc5 Rac8 25. Rxc8 Rxc8 26. Nd6 Rc5 27. g3 Ne3 28.
Rd2 b4 29. Kb1 Nef5 30. Bxf5 Nxf5 31. Nxf5 exf5 32. c3 bxc3 33. bxc3 Kf8 34. Kb2 Ke7 35. Rd4 Ke6 36. Ra4 d6 37. exd6 Kxd6 38. Kc2 Bc6 39.
Rd4+ Rd5 40. Rc4 Bb5 41. Rc8 Rc5 42. Rd8+ Ke7 43. Rg8 g6 44. Ra8 Bc4 45. a3 Rb5 46. Kd2 Bb3 47. Ke3 a4 48. Kd4 Rd5+ 49. Ke3 Rd7 50. c4 Rc7 51. Kd4 Rxc4+ 52. Kd3 Rc2 53. Ra7+ Kf6 54. Ra6+ Kg7 55. Ke3 Rg2 56. Kf3 Ra2 57.
g4 fxg4+ 58. Ke4 Rxa3 59. f5 gxf5+ 60. Kf4 Ra2 61. Kg5 g3 62. Rd6 g2 63. Kxh5 g1=Q 64. Rd3 Kf6 0-1

[Event "Late-Titled-Tuesday-Blitz-November-28-2023"]
[Site "Chess.com"]
[Date "2023.11.28"]
[Round "3"]
[White "Yushko_Olga"]
[Black "liwadas82"]
[Result "0-1"]
[WhiteElo "2133"]
[BlackElo "2372"]
[TimeControl "180+1"]
[EndTime "14:27:03 PST"]
[Termination "liwadas82 won by resignation"]

1. d4 Nf6 2. c4 e6 3. Nc3 Bb4 4. Qc2 O-O 5. Nf3 c5 6. dxc5 Na6 7. a3 Bxc5 8. Bg5 h6 9. Bh4 Be7 10. e3 b6 11. Be2 Bb7 12. O-O Nc5 13. Rfd1 Nce4 14.
Nb5 a6 15. Nbd4 Rc8 16. Qb3 g5 17. Bg3 Nxg3 18. hxg3 Ne4 19. Ne5 Qc7 20. Ndf3 d6 21. Ng4 h5 22. Ngh2 g4 23. Nd4 d5 24. cxd5 Bxd5 25.
Qa4 Nxg3 26. fxg3 Qxg3 27. Bf1 Qxe3+ 28. Kh1 Bd6 29. Nxe6 fxe6 30. Nxg4 hxg4 31. Qxg4+ Kf7 32. Qh5+ Ke7 33. Qh7+ Rf7 34. Qh4+ Kd7 35. Bxa6 Rg8 36. Bb5+ Kc7 37. Rac1+ Kb8 38. Rc2 Rfg7 39. Qh3 Qxh3+ 0-1

[Event "Late-Titled-Tuesday-Blitz-November-28-2023"]
[Site "Chess.com"]
[Date "2023.11.28"]
[Round "3"]
[White "Goryachkina"]
[Black "Hrant_ChessMood"]
[Result "0-1"]
[WhiteElo "2642"]
[BlackElo "2943"]
[TimeControl "180+1"]
[EndTime "14:27:04 PST"]
[Termination "Hrant_ChessMood won on time"]

1. e4 e5 2. Nf3 Nc6 3. Nc3 Nf6 4. d4 exd4 5. Nxd4 Bc5 6. Be3 Bb6 7. Qd2 Kf8 8.
O-O-O d6 9. Nxc6 bxc6 10. e5 Ne8 11. f4 Bf5 12. Bd3 Qd7 13. h3 h5 14. Bxf5 Qxf5 15.
g4 Qe6 16. Ne4 Qxa2 17. Nc3 Qa1+ 18. Nb1 Rb8 19. Bd4 Bxd4 20. Qxd4 c5 21. Qc3 Qa4 22. Rhf1 hxg4 23. hxg4 Rh2 24. Nd2 Rb4 25. f5 Rxd2 26.
Kxd2 Rd4+ 27. Ke2 Re4+ 28. Kd2 Rxe5 29. Rde1 Rd5+ 30. Ke3 Nf6 31. Rh1 Qe4+ 32. Kf2 Qf4+ 33. Kg2 Rd2+ 0-1

[Event "Late-Titled-Tuesday-Blitz-November-28-2023"]
[Site "Chess.com"]
[Date "2023.11.28"]
[Round "3"]
[White "oskariot"]
[Black "FuenfgegenWilly"]
[Result "0-1"]
[WhiteElo "2789"]
[BlackElo "2484"]
[TimeControl "180+1"]
[EndTime "14:27:07 PST"]
[Termination "FuenfgegenWilly won by resignation"]

1. e4 e5 2. Nf3 Nc6 3. Nc3 Nf6 4. h3 h6 5. d4 exd4 6. Nxd4 Bb4 7. Nxc6 bxc6 8.
Bd3 d5 9. e5 Nd7 10. O-O O-O 11. f4 Nc5 12. f5 Nxd3 13. Qxd3 Qh4 14. Rf4 Qe1+ 15. Rf1 Qxe5 16. f6 g5 17. Be3 Bd6 18. Rf3 Qh2+ 19. Kf2 g4 20. hxg4 Bxg4 21. Bd4 c5 22.
Be3 Bxf3 23. Kxf3 Qg3+ 24. Ke2 d4 25. Ne4 Qxe3+ 26. Qxe3 dxe3 27. Rh1 Kh7 28. g4 Rae8 29.
Ng5+ Kg6 30. Nf3 Bf4 31. Rd1 Rd8 32. Rf1 Rfe8 33. Nh4+ Kg5 34. Ng2 Rd2+ 35. Kf3 Rf2+ 36. Rxf2 exf2 37. Kxf2 Kxg4 0-1

[Event "Late-Titled-Tuesday-Blitz-November-28-2023"]
[Site "Chess.com"]
[Date "2023.11.28"]
[Round "3"]
[White "NateSolon"]
[Black "Mikhal867"]
[Result "1-0"]
[WhiteElo "2670"]
[BlackElo "2428"]
[TimeControl "180+1"]
[EndTime "14:27:08 PST"]
[Termination "NateSolon won by resignation"]

1. d4 g6 2. e4 d6 3. Nf3 Bg7 4. Bc4 a6 5. O-O b5 6. Bb3 Nc6 7. c3 Na5 8. Bc2 Bb7 9. Qe2 Nf6 10. e5 Nd5 11. e6 fxe6 12. Ng5 Bc8 13. Nxh7 Rxh7 14.
Bxg6+ Kd7 15. Bxh7 Qh8 16. Be4 Bb7 17. a4 Bc6 18.
Nd2 bxa4 19. Re1 Nf4 20. Bxc6+ Nxc6 21. Qe4 Rf8 22. Nf3 d5 23. Qc2 Qh5 24. Bxf4 Rxf4 25. Qe2 Qf5 26. Rxa4 a5 27. Raa1 Rg4 28. g3 Re4 29.
Qd3 Bh6 30. Kg2 Qg4 31. Qb5 a4 32. Ne5+ Rxe5 33. dxe5 d4 34. Rxa4 Bd2 35. Rxd4+ Qxd4 36. cxd4 Bxe1 37. d5 exd5 38. Qxd5+ 1-0

[Event "Late-Titled-Tuesday-Blitz-November-28-2023"]
[Site "Chess.com"]
[Date "2023.11.28"]
[Round "3"]
[White "OPQRC"]
[Black "egnfanclub"]
[Result "0-1"]
[WhiteElo "2545"]
[BlackElo "2351"]
[TimeControl "180+1"]
[EndTime "14:27:08 PST"]
[Termination "egnfanclub won by resignation"]

1. e4 e5 2. Bc4 Nf6 3. Nc3 Nxe4 4.
Nxe4 d5 5. Bd3 dxe4 6. Bxe4 Nc6 7. c3 Be7 8. Qc2 g6 9. Nf3 Bd7 10. O-O Bd6 11. Re1 O-O 12. Bxc6 Bxc6 13. d4 Bxf3 14.
gxf3 exd4 15. cxd4 Qh4 16. f4 Rfe8 17. Be3 Qg4+ 18. Kh1 Qf3+ 19. Kg1 Bxf4 20. Qe2 Qd5 21. Qg4 Bxe3 22. fxe3 f5 23. Qg3 Re4 24. h3 Rae8 25. Rac1 c6 26. Rc5 Qe6 27. Kf2 f4 28. Qf3 Rxe3 29.
Rxe3 fxe3+ 30. Ke2 Qxa2 31. Re5 Qxb2+ 32. Kxe3 Qc3+ 33.
Kf4 Qxd4+ 0-1

[Event "Late-Titled-Tuesday-Blitz-November-28-2023"]
[Site "Chess.com"]
[Date "2023.11.28"]
[Round "3"]
[White "IlyaGrigorjev"]
[Black "HalfIsCrayfish"]
[Result "1-0"]
[WhiteElo "2902"]
[BlackElo "2602"]
[TimeControl "180+1"]
[EndTime "14:27:09 PST"]
[Termination "IlyaGrigorjev won by resignation"]

1. e4 c6 2. Nf3 d5 3. Nc3 dxe4 4. Nxe4 Nf6 5. Qe2 Nxe4 6. Qxe4 Nd7 7. Bc4 Nf6 8. Ne5 e6 9. Qe2 b5 10. Bd3 Qc7 11.
a4 b4 12. b3 Bd6 13. Bb2 Bb7 14. Nc4 O-O-O 15. a5 c5 16. f3 Nd5 17. g3 Rhg8 18.
O-O-O Rde8 19. Bxh7 Rh8 20. Be4 f6 21. f4 Ba6 22.
Qf3 Bxc4 23. bxc4 Ne7 24. a6 Qa5 25. Bb7+ Kb8 26. Kb1 Nf5 27. h4 Re7 28. Rhe1 Nd4 29. Qd3 e5 30. c3 bxc3 31. dxc3 exf4 32. Rxe7 Bxe7 33. cxd4 cxd4 34. Qxd4 fxg3 35. Qe4 Qc7 36. Bd5 Rd8 37. Rd3 Bc5 38. Rb3+ Bb6 39. Bc1 Qe5 40.
Bf4 g2 41. Bxe5+ 1-0

[Event "Late-Titled-Tuesday-Blitz-November-28-2023"]
[Site "Chess.com"]
[Date "2023.11.28"]
[Round "3"]
[White "cthake"]
[Black "GMthekingindian"]
[Result "0-1"]
[WhiteElo "1906"]
[BlackElo "2322"]
[TimeControl "180+1"]
[EndTime "14:27:10 PST"]
[Termination "GMthekingindian won by resignation"]

1. c4 e5 2. Nc3 Nc6 3. g3 Nf6 4. Bg2 g6 5. d3 Bg7 6. e4 O-O 7. Nge2 d6 8. O-O a6 9. h3 Rb8 10. a4 Nb4 11. Be3 c5 12. Qd2 Re8 13. f4 Bd7 14.
Rf2 b5 15. axb5 axb5 16. cxb5 Bxb5 17. Nxb5 Rxb5 18. Raf1 d5 19. Nc3 Ra5 20. Nxd5 Nfxd5 21. exd5 exf4 22. Rxf4 f5 23. Rc4 Rb5 24. Rfc1 Nxd5 25. Bxc5 Rxc5 26. Kh2 Rxc4 27. dxc4 Ne3 28. Bd5+ Nxd5 29.
cxd5 Qd6 30. Rc6 Qe5 31. Qg2 Qxb2 32. Qxb2 Bxb2 33. h4 Rd8 34. Rc5 Be5 35. Kh3 Bd6 36.
Rb5 Kf7 37. g4 f4 38. Kg2 Kf6 39. Kf3 Ke5 40. h5 Rb8 41. Ra5 Rb3+ 42. Kg2 f3+ 43. Kf2 Ke4 44. Ra4+ Rb4 45. Ra7 Bc5+ 0-1

[Event "Late-Titled-Tuesday-Blitz-November-28-2023"]
[Site "Chess.com"]
[Date "2023.11.28"]
[Round "3"]
[White "Schwindle"]
[Black "aa175"]
[Result "0-1"]
[WhiteElo "2379"]
[BlackElo "2601"]
[TimeControl "180+1"]
[EndTime "14:27:14 PST"]
[Termination "aa175 won by resignation"]

1. e4 c5 2. Nf3 d6 3. d4 cxd4 4. Nxd4 Nf6 5. Nc3 a6 6. Be3 e6 7. f3 b5 8. Qd2 Nbd7 9. O-O-O Bb7 10. g4 h6 11. h4 b4 12. Nce2 d5 13. Bh3 Ne5 14. g5 Nc4 15. Qd3 Nd7 16. g6 Nc5 17. gxf7+ Kxf7 18. Bxe6+ Ke8 19. Qxc4 dxc4 20. Bxc4 Qc8 21.
Nf4 Be7 22. Ng6 Rf8 23. Nxe7 Kxe7 24. Nf5+ Rxf5 25. exf5 Bxf3 26. Rhe1 Bxd1 27. Bxc5+ Kf6 28. Be7+ Kxf5 29. Bd3+ Kf4 30. Bd6+ Kg4 31. Rxd1 Qe6 32. h5 Qxa2 33. Rg1+ Kf3 34. Kd2 Rd8 35. Rf1+ Kg2 36. Be5 Rxd3+ 37. cxd3 0-1

[Event "Late-Titled-Tuesday-Blitz-November-28-2023"]
[Site "Chess.com"]
[Date "2023.11.28"]
[Round "3"]
[White "wannabe2700"]
[Black "Arash_Tahbaz"]
[Result "0-1"]
[WhiteElo "2624"]
[BlackElo "2907"]
[TimeControl "180+1"]
[EndTime "14:27:15 PST"]
[Termination "Arash_Tahbaz won by resignation"]

1. e4 d5 2. exd5 Qxd5 3. Nc3 Qa5 4. Nf3 Nf6 5. Bc4 Nc6 6. O-O Bg4 7. h3 Bh5 8. Bb5 O-O-O 9. Bxc6 bxc6 10. d3 Qf5 11. Re1 e6 12. Bd2 Bd6 13. Ne4 Bxf3 14. Qxf3 Qxf3 15.
gxf3 Be7 16. a4 Nd5 17. a5 a6 18. Ra4 Kd7 19. c4 Nf6 20. d4 Rb8 21. b4 Rhd8 22. Bc3 Ke8 23. Kf1 Kf8 24. Ke2 Nh5 25. Ke3 f5 26. Nc5 Kf7 27. f4 Bxc5 28. dxc5 Rd7 29. Ra2 Rbd8 30. Rd2 Rxd2 31. Bxd2 Nxf4 32. Kxf4 Rxd2 33.
Ke3 Rb2 34. Kd3 Rxb4 35. Kc3 Rb8 36. f4 Kf6 37. Rd1 Ke7 38. h4 g6 39. Rh1 h6 40.
Rg1 Kf6 41. Rd1 e5 42. fxe5+ Kxe5 43. Rd7 Rc8 44. Rh7 g5 45. Rxh6 g4 46. Rg6 Kf4 47. h5 g3 48. Kd2 Kf3 49. Ke1 g2 50. h6 Re8+ 51. Kd2 Rh8 52. Kd3 Rxh6 53. Rxh6 g1=Q 54.
Rxc6 Qe3+ 55. Kc2 Qe4+ 56. Kb3 Qxc6 57. Kb4 Ke3 58. Kc3 f4 59. Kb4 f3 0-1

[Event "Late-Titled-Tuesday-Blitz-November-28-2023"]
[Site "Chess.com"]
[Date "2023.11.28"]
[Round "3"]
[White "zajka-molotok"]
[Black "Matthew_Clarke"]
[Result "1-0"]
[WhiteElo "2534"]
[BlackElo "2259"]
[TimeControl "180+1"]
[EndTime "14:27:15 PST"]
[Termination "zajka-molotok won by resignation"]

1. g3 e5 2. Bg2 d5 3. c4 d4 4. d3 Nf6 5. Nf3 Nc6 6. O-O Be7 7. Na3 O-O 8. Nc2 a5 9. Rb1 Nd7 10. b3 f5 11. a3 Bf6 12. b4 Qe7 13. b5 Nd8 14. a4 Re8 15. Ba3 Nc5 16. Nd2 Qf8 17. e3 Nde6 18. exd4 exd4 19. Nb3 Rd8 20. Bd5 Be7 21.
Nbxd4 Kh8 22. Re1 Nxd4 23. Nxd4 Bd7 24. Nb3 Bd6 25. Bxc5 Bxc5 26. Bxb7 Rab8 27. Bg2 Ba7 28. d4 f4 29. c5 fxg3 30. hxg3 Bf5 31. Rb2 c6 32. b6 1-0

[Event "Late-Titled-Tuesday-Blitz-November-28-2023"]
[Site "Chess.com"]
[Date "2023.11.28"]
[Round "3"]
[White "ChessSwole"]
[Black "OparinGrigoriy"]
[Result "1/2-1/2"]
[WhiteElo "2683"]
[BlackElo "2999"]
[TimeControl "180+1"]
[EndTime "14:27:16 PST"]
[Termination "Game drawn by repetition"]

1. e4 c6 2. Nc3 d5 3. Nf3 Bg4 4. h3 Bxf3 5. Qxf3 e6 6. d3 Nd7 7.
Bd2 Qb6 8. O-O-O d4 9. Nb1 c5 10.
Na3 Ne7 11. g4 Nc6 12. Qg3 e5 13. f4 Qc7 14. Nc4 b5 15. Nxe5 Ncxe5 16. fxe5 Nxe5 17. Kb1 Bd6 18. Qf2 a5 19. g5 a4 20. h4 O-O-O 21. h5 Kb7 22. Be2 b4 23. Bc1 Rhe8 24. Qf5 g6 25. Qf6 Rd7 26. hxg6 hxg6 27. Rh8 Rxh8 28.
Qxh8 Qd8 29. Qh3 Kc7 30. Rf1 Re7 31. Rf6 Qd7 32. Qf1 Re6 33. Rf2 Re8 34. Bf4 Re7 35.
Bg3 Nc6 36. Bxd6+ Kxd6 37. Rf6+ Kc7 38. Qf4+ Ne5 39. Kc1 Re6 40. Bg4 Qd6 41. Bxe6 fxe6 42.
Rf8 c4 43. dxc4 d3 44. b3 dxc2 45. Kxc2 axb3+ 46. axb3 Qd3+ 47. Kb2 Qc3+ 48. Ka2 Qc2+ 49. Ka1 Qc3+ 50. Ka2 Qc2+ 51. Ka1 Qd1+ 52. Ka2 Qe2+ 53. Ka1 Qe1+ 54. Kb2 Qe2+ 55. Kb1 Qe1+ 56. Kb2 Qe2+ 57.
Kb1 Qe1+ 58. Kb2 1/2-1/2

[Event "Late-Titled-Tuesday-Blitz-November-28-2023"]
[Site "Chess.com"]
[Date "2023.11.28"]
[Round "3"]
[White "emeli_chess"]
[Black "Zorbos"]
[Result "0-1"]
[WhiteElo "2372"]
[BlackElo "2581"]
[TimeControl "180+1"]
[EndTime "14:27:17 PST"]
[Termination "Zorbos won by resignation"]

1. d4 Nf6 2. c4 g6 3. Nc3 Bg7 4. e4 O-O 5. Be3 d6 6. f3 c5 7. Nge2 Nc6 8. d5 Ne5 9. Ng3 h5 10. Be2 e6 11. O-O h4 12. Nh1 exd5 13. cxd5 b5 14.
Nxb5 h3 15. Nf2 hxg2 16. Kxg2 Rb8 17. b3 Nh5 18. Nxa7 Bd7 19. a4 Qh4 20. Nb5 Bxb5 21.
axb5 f5 22. exf5 Rxf5 23. Ng4 Nxg4 24. fxg4 Be5 25. Rh1 Nf4+ 26. Bxf4 Rxf4 27. Bf3 Rbf8 28. b6 Rxg4+ 29. Kf1 Qh3+ 30. Ke1 Bc3+ 31. Kf2 Qg2+ 32. Ke3 Bd4+ 33. Kd3 Rxf3+ 34. Kc4 Bxa1+ 35. Kb5 Rb4+ 36. Kc6 Rfxb3 37. Qxb3 Rxb3 38. Rxa1 Rxb6+ 0-1

[Event "Late-Titled-Tuesday-Blitz-November-28-2023"]
[Site "Chess.com"]
[Date "2023.11.28"]
[Round "3"]
[White "noblerone"]
[Black "Gyulamiryan-koryun"]
[Result "1-0"]
[WhiteElo "2506"]
[BlackElo "1948"]
[TimeControl "180+1"]
[EndTime "14:27:17 PST"]
[Termination "noblerone won on time"]

1. e4 e5 2. Nf3 Nc6 3. Bb5 a6 4. Ba4 Nf6 5. d3 h6 6. c3 d6 7. Nbd2 Bg4 8. Nf1 Be7 9. Ng3 O-O 10. h3 Bd7 11. O-O Nd4 12. cxd4 Bxa4 13. Qxa4 b5 14. Qc2 exd4 15. Nxd4 c5 16. Nc6 Qd7 17. Nxe7+ Qxe7 18. Nf5 Qd7 19. Re1 Rac8 20. Bf4 d5 21. Be5 Ne8 22. Qe2 f6 23. Qg4 Kh7 24. Bg3 g6 25. Ne3 Qxg4 26. hxg4 d4 27. Nd5 c4 28. Rac1 Ng7 29. Red1 cxd3 30. Rxc8 Rxc8 31. Rxd3 Ne6 32. Nxf6+ Kg7 33.
Be5 Kf7 34. Bxd4 1-0

[Event "Late-Titled-Tuesday-Blitz-November-28-2023"]
[Site "Chess.com"]
[Date "2023.11.28"]
[Round "3"]
[White "joppie2"]
[Black "Dinamo81"]
[Result "0-1"]
[WhiteElo "2992"]
[BlackElo "2704"]
[TimeControl "180+1"]
[EndTime "14:27:18 PST"]
[Termination "Dinamo81 won on time"]

1. b4 e5 2. Bb2 Bxb4 3. Bxe5 Nf6 4. Nf3 d5 5. e3 O-O 6. c4 c5 7. a3 Ba5 8. cxd5 Nxd5 9. Be2 Nc6 10. Bb2 Bg4 11. O-O Re8 12. d3 Qe7 13. Qc2 Rad8 14.
Nc3 Nf6 15. h3 Bh5 16. Nh4 Bxc3 17. Bxc3 Bxe2 18. Qxe2 Nd5 19. Nf5 Qg5 20. Bxg7 Qxf5 21. Bb2 Qg6 22. Qc2 Ne5 23. Rad1 Nf3+ 24. Kh1 Nh4 25. Rg1 b6 26. Qc4 Qh5 27. d4 Nf6 28. Rdf1 Ne4 29. Qc2 Rd6 30. dxc5 bxc5 31. Ba1 Rg6 32. Qb2 Kf8 33. Rd1 Nxg2 34. Kh2 Ng5 35. Qh8+ Rg8 36. Bg7+ Ke7 37. Bf6+ Ke6 0-1

[Event "Late-Titled-Tuesday-Blitz-November-28-2023"]
[Site "Chess.com"]
[Date "2023.11.28"]
[Round "3"]
[White "CheckThis4"]
[Black "vi_pranav"]
[Result "0-1"]
[WhiteElo "2727"]
[BlackElo "3059"]
[TimeControl "180+1"]
[EndTime "14:27:19 PST"]
[Termination "vi_pranav won on time"]

1. d4 Nf6 2. Bg5 Ne4 3. Bf4 c5 4. f3 Qa5+ 5. c3 Nf6 6. d5 Qb6 7.
e4 e6 8. Na3 exd5 9. exd5 d6 10. Qe2+ Kd8 11. O-O-O Be7 12. g4 h6 13. h4 a6 14. Nh3 Qc7 15. Nc4 b5 16. Ne3 Ra7 17. g5 Nh5 18. Bh2 Qa5 19. Kb1 hxg5 20. hxg5 g6 21.
Bg2 Re8 22. Qd2 Bxh3 23. Bxh3 Bxg5 24. Rhe1 Qb6 25. Qf2 c4 26. Rd4 Rae7 27. f4 Bf6 28.
Nc2 Bxd4 29. cxd4 Rxe1+ 30. Nxe1 Nd7 31. f5 g5 32. f6 Nf4 33. Bg4 Nxf6 34. Bf3 Ne4 35.
Bxe4 Rxe4 36. Nf3 f6 37. Bxf4 Rxf4 38. Qe3 Qc7 0-1

[Event "Late-Titled-Tuesday-Blitz-November-28-2023"]
[Site "Chess.com"]
[Date "2023.11.28"]
[Round "3"]
[White "LUISMIGUELOV"]
[Black "PowerThinking2650"]
[Result "0-1"]
[WhiteElo "2200"]
[BlackElo "2457"]
[TimeControl "180+1"]
[EndTime "14:27:19 PST"]
[Termination "PowerThinking2650 won by checkmate"]

1. d4 Nf6 2. c3 g6 3. Bg5 Bg7 4. Nd2 d5 5. h4 h6 6. Bf4 O-O 7. g3 c5 8. dxc5 Nbd7 9. Nb3 e5 10.
Be3 a5 11. a4 b6 12. cxb6 Nxb6 13. Bg2 Nc4 14. Bc1 Ba6 15. Nf3 Rb8 16. O-O Re8 17. Rb1 Qd7 18. Nbd2 Nb6 19. b3 e4 20. Nd4 e3 21. fxe3 Ng4 22. N2f3 Qd6 23. Qe1 Nxe3 24. Bxe3 Rxe3 25. Nb5 Bxb5 26. axb5 Rbe8 27. Nd4 Rxg3 28. Qf2 f5 29. Rbc1 Rg4 30. Nc6 Nd7 31. Rcd1 Nf6 32. c4 Ne4 33. Qf3 Qf6 34. Rxd5 Qxh4 35. Nd4 Ng3 36. Nxf5 gxf5 37. Rxf5 Nxe2+ 38. Qxe2 Rxe2 39. R5f2 Rxf2 40. Rxf2 Bd4 41. Kf1 Qxf2# 0-1

[Event "Late-Titled-Tuesday-Blitz-November-28-2023"]
[Site "Chess.com"]
[Date "2023.11.28"]
[Round "3"]
[White "DuleMudule"]
[Black "SnekkerAndersen"]
[Result "1-0"]
[WhiteElo "2863"]
[BlackElo "2564"]
[TimeControl "180+1"]
[EndTime "14:27:20 PST"]
[Termination "DuleMudule won by resignation"]

1. d4 d6 2. e4 Nf6 3. Nc3 e5 4. dxe5 dxe5 5. Qxd8+ Kxd8 6. f4 Bb4 7. Bd3 Nc6 8. Nf3 Bg4 9. fxe5 Nd7 10. Bf4 Bxf3 11. gxf3 Bxc3+ 12. bxc3 Ndxe5 13. O-O-O Ke7 14. Rhg1 g6 15.
Rgf1 a6 16. Bg3 Rhd8 17. f4 Nxd3+ 18. cxd3 Rd7 19. f5 f6 20. d4 Re8 21. fxg6 hxg6 22.
Rf4 Kf7 23. Rdf1 Kg7 24. Kc2 Nd8 25. Rg4 Nf7 26. h4 c6 27. Rgf4 Nd6 28. Kd3 b5 29. h5 gxh5 30. Bh4 f5 31. e5 Nc4 32. Bf6+ Kf7 33.
Rxf5 Ke6 34. Bh4 c5 35. Rf6+ Kd5 36. Rxa6 cxd4 37. cxd4 Rg8 38. e6 Rc7 39. Rf5+ 1-0

[Event "Late-Titled-Tuesday-Blitz-November-28-2023"]
[Site "Chess.com"]
[Date "2023.11.28"]
[Round "3"]
[White "eljanov"]
[Black "FontVella8"]
[Result "1-0"]
[WhiteElo "2875"]
[BlackElo "2576"]
[TimeControl "180+1"]
[EndTime "14:27:21 PST"]
[Termination "eljanov won by resignation"]

1. d4 Nf6 2. Bf4 g6 3. Nc3 Bg7 4. e4 d6 5. Nf3 O-O 6. Be2 Nbd7 7.
h3 c5 8. Be3 cxd4 9. Bxd4 a6 10. a4 b6 11. O-O Bb7 12. Re1 Rc8 13. e5 dxe5 14. Nxe5 Nc5 15. Bf3 Qc7 16. Bxb7 Qxb7 17. Qf3 Qc7 18. Rad1 Rfd8 19. Qe3 Ne8 20. Nf3 Bxd4 21.
Rxd4 Ne6 22. Re4 Nf6 23. Rxe6 fxe6 24. Qxe6+ Kg7 25. Ng5 Rf8 26. Qb3 Qc4 27. Ne6+ Kg8 28. Nxf8 Qxb3 29. cxb3 Kxf8 30. Re6 Rb8 31. Rc6 Kf7 32.
b4 a5 33. b5 Ne8 34. Nd5 Nd6 35. Nxb6 Ne4 36. Nc4 Rd8 37. b6 Rd1+ 38. Kh2 h5 39. b7 1-0

[Event "Late-Titled-Tuesday-Blitz-November-28-2023"]
[Site "Chess.com"]
[Date "2023.11.28"]
[Round "3"]
[White "IMRosen"]
[Black "el_sporco"]
[Result "1-0"]
[WhiteElo "2701"]
[BlackElo "2450"]
[TimeControl "180+1"]
[EndTime "14:27:23 PST"]
[Termination "IMRosen won by resignation"]

1. e4 c5 2. Nc3 Nc6 3. Bb5 g6 4. Bxc6 dxc6 5. d3 Bg7 6. f4 Nf6 7. Nf3 O-O 8. O-O Nd7 9. Qe1 e6 10. Rb1 b5 11. Kh1 a5 12. a4 b4 13. Ne2 Nb6 14. b3 Qc7 15. Be3 Nd7 16. Qf2 Qd6 17. Rbd1 Qe7 18. Nd2 Ba6 19. Qg3 Rfe8 20. Ng1 Kh8 21. Ngf3 h6 22. Qh3 Qf8 23. g4 Rad8 24.
g5 h5 25. e5 Nb6 26. Ne4 Nd5 27. Bd2 Qe7 28. Nf6 Rd7 29. Rg1 Bxf6 30. gxf6 Qf8 31. Rg5 Qh6 32. Rdg1 Rg8 33. Qh4 Bb7 34. R1g3 c4 35.
bxc4 Nb6 36. c5 Nxa4 37. f5 Nxc5 38. fxg6 fxg6 39. Rxg6 Qh7 40. Rxg8+ 1-0

[Event "Late-Titled-Tuesday-Blitz-November-28-2023"]
[Site "Chess.com"]
[Date "2023.11.28"]
[Round "3"]
[White "Cidonka"]
[Black "BigAl"]
[Result "0-1"]
[WhiteElo "2280"]
[BlackElo "2545"]
[TimeControl "180+1"]
[EndTime "14:27:23 PST"]
[Termination "BigAl won by resignation"]

1. e4 c6 2. d4 d5 3. e5 Bf5 4.
Nd2 e6 5. Nb3 Ne7 6. Nf3 Ng6 7.
Be2 Nd7 8. O-O f6 9. exf6 Qxf6 10. c4 Bd6 11. cxd5 exd5 12. Bg5 Qf7 13. Nh4 Nxh4 14. Bxh4 O-O 15. Bg3 Bxg3 16. fxg3 Qg6 17. Qd2 Rae8 18. Rae1 h6 19. Bf3 Kh7 20. Na5 b6 21.
Nb3 Nf6 22. Qc3 Ne4 23. Bxe4 Bxe4 24. Nd2 Rxf1+ 25. Rxf1 Bd3 26. Rc1 Re2 27. Nf3 Qe4 28. Re1 Qe3+ 29. Kh1 c5 30. Rxe2 Qxe2 31. Qe1 Qxb2 32.
dxc5 bxc5 33. h3 Be4 34. Nd2 Qd4 35. Nb3 Qe5 36. Nxc5 Bxg2+ 0-1

[Event "Late-Titled-Tuesday-Blitz-November-28-2023"]
[Site "Chess.com"]
[Date "2023.11.28"]
[Round "3"]
[White "hristos03"]
[Black "JiiHart"]
[Result "1-0"]
[WhiteElo "2358"]
[BlackElo "2117"]
[TimeControl "180+1"]
[EndTime "14:27:24 PST"]
[Termination "hristos03 won on time"]

1. e4 c5 2. Nf3 Nc6 3. d4 cxd4 4.
Nxd4 Nf6 5. Nc3 d6 6. f3 e5 7. Nb3 Be6 8. Be3 Be7 9. Qe2 O-O 10.
O-O-O a6 11. Kb1 Qc7 12. g4 b5 13. h4 b4 14. Nd5 Bxd5 15. exd5 Na5 16. h5 Nd7 17. g5 Rac8 18. Bh3 Nc4 19. Bc1 a5 20. g6 a4 21. gxh7+ Kh8 22. h6 g6 23. Bxd7 Qxd7 24.
Nd2 Nxd2+ 25. Qxd2 b3 26. cxb3 axb3 27. a3 Rc2 28. Qd3 Qb7 29. f4 Bf6 30. f5 g5 31.
Rh3 Rfc8 32. Qxb3 Qc7 33. Rhh1 e4 34. Qb4 Qc6 35. Qxe4 1-0

[Event "Late-Titled-Tuesday-Blitz-November-28-2023"]
[Site "Chess.com"]
[Date "2023.11.28"]
[Round "3"]
[White "djano"]
[Black "randomo"]
[Result "1-0"]
[WhiteElo "2559"]
[BlackElo "2330"]
[TimeControl "180+1"]
[EndTime "14:27:25 PST"]
[Termination "djano won on time"]

1. e4 e5 2. Nf3 Nc6 3. Bc4 Bc5 4. c3 Qf6 5. O-O h6 6. d4 Bb6 7. Kh1 d6 8. Be3 Nge7 9. dxe5 dxe5 10. Bxb6 axb6 11. Nbd2 O-O 12. a3 Ng6 13. Bd5 Nce7 14. Ba2 Bg4 15. h3 Bc8 16. Rg1 Nf4 17. Nf1 g5 18. Ne3 Be6 19. Bxe6 fxe6 20. Ng4 Qg7 21. Ngxe5 Rfd8 22. Qb3 Rd6 23. Rad1 Rad8 24. Rxd6 Rxd6 25. Ng4 h5 26. Ne3 Nd3 27. Qc2 g4 28. Ne1 Nf4 29.
e5 Rd8 30. Qe4 Neg6 31. Kh2 Qxe5 32. Qxe5 Nxe5 33. hxg4 hxg4 34. Rh1 Rd2 35. Kg3 Nfg6 36. Nxg4 Nxg4 37. Kxg4 Rxf2 38. Rh3 Ne5+ 39. Kh5 Rxb2 40. Rg3+ Kf7 41. Re3 Nc4 42. Rf3+ Ke7 43. g4 Ne5 44. Rg3 Rh2+ 45. Kg5 Nf7+ 46. Kf4 Rf2+ 47. Ke3 1-0